Merlek, neutral female valkyrie Shieldmaiden --------- -------- |.......-# |......| ---------------- |(......|# |.......# |........@.....| |`......|# ---.----# |........U%....-##############-------|-# # ### #...............| ## # # # # ----- #-----------.---- %%# # ### # # |...| # # %############ # ###....| # # # ### # |%..| # # # ### ..*.| # # # ----.----- ----- # ---|----- -----------.--- ........!| # --.....<.| |..............### |....*.."| -----# |.%......| +.............| ####.........| |.).|# |.........## |.............| |........| |%...# |........| |.............| ---------- |..!| |.*......| |.............| ----- ---------- ------.-------- Merlek the Shieldmaiden Experience level: 11 Strength: 18/16 Dexterity: 11 Constitution: 18 Intelligence: 9 Wisdom: 11 Charisma: 9 Health: 0(101) Energy: 50(50) Def: 15 Gold: 1896 Moves: 10515 Dungeon seed [set]: Game ID: Merlek_1695723512 Your Inventory: Coins $ - 1896 gold pieces Amulets S - an uncursed amulet of reflection (being worn) Weapons a - the uncursed rustproof +0 Mjollnir d - a blessed +6 elven dagger named Mighty Dagger j - an uncursed +2 silver spear A - 4 uncursed +1 dwarvish spears (in quiver) Armor e - an uncursed +3 small shield (being worn) n - an uncursed +0 elven mithril-coat (being worn) q - an uncursed +0 pair of water walking boots (being worn) r - an uncursed +0 alchemy smock (being worn) y - a blessed +1 elven leather helm (being worn) Comestibles p - an uncursed lizard corpse V - an uncursed lembas wafer Scrolls i - a cursed scroll of teleportation m - a cursed scroll of enchant armor s - an uncursed scroll of fire t - 2 uncursed scrolls of scare monster u - a blessed scroll of enchant armor v - an uncursed scroll of taming B - an uncursed scroll of water E - 2 uncursed scrolls of gold detection F - 2 uncursed scrolls of stinking cloud I - a blessed scroll of earth O - an uncursed scroll of enchant armor Q - an uncursed scroll of destroy armor W - a cursed scroll of blank paper Rings b - an uncursed ring of shock resistance f - a cursed ring of fire resistance g - an uncursed ring of free action (on left hand) w - an uncursed ring of invisibility L - an uncursed ring of shock resistance P - a cursed -1 ring of adornment Z - an uncursed ring of poison resistance Wands c - an uncursed wand of cold (0:4) o - an uncursed wand of teleportation (0:6) z - an uncursed wand of speed monster (0:2) G - an uncursed wand of teleportation (0:7) H - an uncursed wand of secret door detection (0:11) J - an uncursed wand of striking (0:6) M - a blessed wand of striking (0:5) N - an uncursed wand of nothing (0:5) R - a cursed wand of magic missile (0:5) Tools h - an uncursed +0 unicorn horn k - an uncursed sturdy key named cold poison sleep tele l - an uncursed oil lamp (0:171) x - an uncursed +0 pick-axe (weapon in hand) C - an uncursed mirror D - an uncursed bag of tricks (0:9) K - an uncursed wooden flute T - an uncursed tooled horn U - an uncursed magic marker (0:90) X - an uncursed towel Gems Y - 2 uncursed worthless pieces of white glass Spells and supernatural/magical abilities: Name Level Category Fail Memory a - cure sickness 3 healing 100% 58% b - cure blindness 2 healing 100% 85% W - pray for help -- divine ? -- Your skills at the end: Miscellaneous Skills shield [Skilled] wands [Basic] stealth [Basic] Weapon Skills dagger [Basic] hammer [Skilled] spear [Expert] Spellcasting Skills Final Attributes: You were fervently aligned. You were cold resistant. You were sleep resistant. You were poison resistant. You were acid resistant. Your writing hand was a little cramped from use. You were telepathic. You were stealthy. You could fly. You could walk on water. You were fast. You had reflection. You had free action. You were very lucky. You are dead. Vanquished creatures: 2 queen bees 2 giant mimics a wumpus 2 stalkers a black naga a giant zombie a warg 2 quantum mechanics 2 small mimics a xan a troll a brown bear a sasquatch 3 freezing spheres a flaming sphere a shocking sphere 3 large cats a dwarf king a tengu a gelatinous cube a crocodile an energy vortex a black bear a wraith 3 giant beetles a cockatrice 3 winter wolf cubs a lynx a panther 25 gremlins 2 leprechauns a spotted jelly 4 lizards an orc-captain a scorpion an iron piercer a horse an ice vortex a vampire bat 7 piranhas an orc mummy 13 brown puddings 2 Green-elves an owlbear a yeti a dog a dwarf lord a white unicorn 2 black unicorns 3 gnome mummies 9 pit vipers 2 apes a human zombie a rope golem 3 soldier ants a yellow light a bugbear an imp 6 Uruk-hai a rock mole 2 rock piercers 3 ponies 3 fog clouds 2 shriekers 2 violet fungi 3 gnome lords 3 gnomish wizards 2 kobold mummies a black naga hatchling a golden naga hatchling 2 elf zombies a ghoul a straw golem 3 paper golems a giant ant 6 floating eyes a kitten 8 dwarves 2 homunculi 2 kobold shamans 5 iguanas 9 hill orcs 8 rothes 3 centipedes 3 jitterbugs 2 giant bats a monkey 5 orc zombies 5 dwarf zombies 2 werejackals 21 killer bees 3 coyotes 3 gas spores 7 hobbits 2 acid blobs a large kobold 9 geckos 2 hobgoblins 5 giant rats a cave spider 2 brown molds a green mold 3 red molds 19 gnomes 2 garter snakes 2 gnome zombies 13 jackals 3 foxes 9 kobolds 8 newts 7 goblins 10 sewer rats 12 grid bugs 2 bats 7 lichens 6 kobold zombies 391 creatures vanquished. Voluntary challenges: You did not cause conflict. You were not invisible. You were not displaced. You did not donate to any temples.. You used a wielded weapon 591 times, starting on turn 3. You did not use sinks. You read items or engraved 10 times, starting on turn 1984. You never genocided any monsters. You never polymorphed an object. You never changed form. You cheated 3 times but completed Sokoban on turn 4840. You used no wishes. You did not apply or invoke any artifacts. You split 10 puddings, starting on turn 9351. You never wrote Elbereth's name. You violated your moral code, losing 2 points of alignment, starting on turn 3143. Dungeon overview: The Dungeons of Doom: levels 1 to 19 Level 1 a fountain a long staircase Level 2 stairs to The Gnomish Mines Level 3 a general store, a fountain Level 4 a fountain Level 5 (potions) some fountains Level 6 a fountain stairs to Sokoban Level 7 a vault, an altar to Odin Level 8 a fountain, a sink Level 9 Level 10 (3.7k) a vault, an altar to Odin Level 11 a music store Level 12 Level 13 a fountain Level 14 a vault, an altar to Odin, a fountain Level 15 Level 16 Level 17 Level 18 <- You were here Level 19 The Gnomish Mines: levels 3 to 7 Level 3 stairs to The Dungeons of Doom Level 4 Level 5 Level 6 (silver saber in gen store) many shops, a temple to Odin, a magic chest, some fountains Level 7 Sokoban: levels 2 to 5 Level 2 a magic chest Level 3 Level 4 Level 5 a magic chest stairs to The Dungeons of Doom History has recorded: On T:1 you entered the Dungeons of Doom to retrieve the Amulet of Yendor! On T:178 you reached level 2 of The Dungeons of Doom. On T:335 you advanced to experience level 2. On T:396 you reached level 1 of The Gnomish Mines. On T:414 you advanced to experience level 3. On T:446 you advanced to experience level 4. On T:690 you reached level 2 of The Gnomish Mines. On T:815 you advanced to experience level 5. On T:822 you reached level 3 of The Gnomish Mines. On T:963 you reached level 4 of The Gnomish Mines. On T:1056 you advanced to experience level 6. On T:1084 you entered the Minetown temple On T:2091 you reached level 3 of The Dungeons of Doom. On T:2206 you reached level 4 of The Dungeons of Doom. On T:2541 you reached level 5 of The Dungeons of Doom. On T:2613 you reached level 6 of The Dungeons of Doom. On T:3336 you advanced to experience level 7. On T:3353 you reached level 4 of Sokoban. On T:3522 you reached level 3 of Sokoban. On T:3842 you reached level 2 of Sokoban. On T:4322 you reached level 1 of Sokoban. On T:4840 you entered the Sokoban zoo. On T:6081 you reached level 5 of The Gnomish Mines. On T:6163 you advanced to experience level 8. On T:6412 you reached level 7 of The Dungeons of Doom. On T:6582 you reached level 8 of The Dungeons of Doom. On T:7115 you reached level 9 of The Dungeons of Doom. On T:7181 you reached level 10 of The Dungeons of Doom. On T:7350 you reached level 11 of The Dungeons of Doom. On T:7466 you reached level 12 of The Dungeons of Doom. On T:7516 you advanced to experience level 9. On T:7740 you reached level 13 of The Dungeons of Doom. On T:7923 you reached level 14 of The Dungeons of Doom. On T:8746 you advanced to experience level 10. On T:9137 you received Mjollnir from Odin. On T:9349 you reached level 15 of The Dungeons of Doom. On T:9758 you reached level 16 of The Dungeons of Doom. On T:10005 you reached level 17 of The Dungeons of Doom. On T:10005 you entered the Rogue tribute level. On T:10207 you advanced to experience level 11. On T:10236 you reached level 18 of The Dungeons of Doom. On T:10514 you reached level 19 of The Dungeons of Doom. Score breakdown: Gold: 1896 ( 189 points) Experience: 11 levels ( 1000 points) Exploration: 19 levels ( 540 points) Discoveries: 38 items ( 1900 points) Variety of kills: 116 monsters ( 2000 points) Major goal: finished Sokoban ( 1000 points) Survival: died (score multiplied by 3) Total score: 19887 Latest messages: A - 2 uncursed +1 dwarvish spears (in quiver). $ - 25 gold pieces. Your lamp is now on. You see here a leash. Your lamp is now off. You see here a panther corpse. There are a few objects here. Where do you want to travel to? You finish searching. (2x) You fly down along the stairs. Your knapsack cannot accommodate any more items. There is a staircase up here. There are many objects here. The kitten misses. The dire bear mauls you! (2x) The dire bear bites! The kitten misses. The dire bear misses. (2x) The dire bear bites! The dire bear mauls you! (2x) The dire bear bites! You die... Final status: Goodbye Merlek the Shieldmaiden, killed by a dire bear... You died in The Dungeons of Doom on dungeon level 18 with 19887 points, and 1896 pieces of gold, after 10515 moves. You were level 11 with a maximum of 101 hit points when you died.